 Dungeon Crawl Stone Soup version 0.20-a0-983-g35de22d (webtiles) character file.

680 Murumi the Covert (level 7, 0/54 HPs)
             Began as a Naga Enchanter on Apr 10, 2017.
             Slain by an iguana (10 damage)
             ... on level 4 of the Dungeon.
             The game lasted 00:19:33 (3964 turns).

Murumi the Covert (Naga Enchanter)                  Turns: 3964, Time: 00:19:34

Health: 0/54       AC:  5    Str: 10    XL:     7   Next: 60%
Magic:  6/10       EV: 10    Int: 15    God:
Gold:   53         SH:  0    Dex: 14    Spells: 7/10 levels left

rFire    + . .     SeeInvis +   b - +0 dagger (drain)
rCold    + . .     Gourm    .   (no shield)
rNeg     . . .     Faith    .   e - +1 robe {rC+ rF+}
rPois    +         Spirit   .   (no helmet)
rElec    .         Reflect  .   (no cloak)
rCorr    .         Harm     .   t - +0 pair of gloves
MR       .....                  (no barding)
Stlth    ++++++....             (no amulet)
Regen    0.2/turn               m - ring of wizardry
MPRegen  0.2/turn               (no ring)

@: short of breath, very slightly contaminated, very slow
A: camouflage 1, see invisible, deformed body, frail 1, poison resistance,
slowness 2, slow metabolism 1, spit poison 1, AC +2
a: Spit Poison


You were on level 4 of the Dungeon.
You were not hungry.

You visited 1 branch of the dungeon, and saw 6 of its levels.

You collected 203 gold pieces.
You spent 150 gold pieces at shops.

Inventory:

Hand Weapons
 a - a +1 dagger
 b - a +0 dagger of draining (weapon)
Armour
 e - a +1 robe of resistance (worn)
 t - a +0 pair of gloves (worn)
Jewellery
 m - a ring of wizardry (left hand)
Wands
 o - a wand of polymorph (19/24)
Scrolls
 f - 2 scrolls of magic mapping
 j - 2 scrolls of remove curse
Potions
 k - 2 potions of flight
 l - 2 potions of heal wounds {unknown}
 n - a potion of resistance {unknown}
 q - a potion of curing
 r - 3 potions of lignification {unknown}
Books
 c - a book of Maledictions

   Spells                             Type                      Level
   a - Corona                         Hexes                        1
   b - Ensorcelled Hibernation        Hexes/Ice                    2
   c - Confuse                        Hexes                        3
   d - Tukima's Dance                 Hexes                        3
   e - Dazzling Spray                 Conjuration/Hexes            3
Comestibles
 d - a bread ration
 g - a fruit
 h - 2 royal jellies
 i - 3 meat rations


   Skills:
 - Level 2.2 Fighting
 - Level 2.2 Short Blades
 - Level 2.0 Dodging
 + Level 11.7 Stealth
 - Level 2.0 Spellcasting
 - Level 3.0 Hexes


You had 7 spell levels left.
You knew the following spells:

 Your Spells              Type           Power        Failure   Level  Hunger
a - Corona                Hex            ##.....      3%          1    #......
b - Ensorcelled Hibernat  Hex/Ice        #.....       7%          2    ###....


Dungeon Overview and Level Annotations

Branches:
Dungeon (6/15)
 Temple: D:4-7

Altars:
Nemelex Xobeh

Shops:
D:5 *


Innate Abilities, Weirdness & Mutations

You cannot wear boots.
Your serpentine skin is tough. (AC +2)
You have supernaturally acute eyesight. (SInv)
Armour fits poorly on your strangely shaped body.
Your system is resistant to poisons. (rPois)
You cover ground very slowly.
You have a slow metabolism.
You can spit poison.
Your skin changes colour to match your surroundings (Stealth+).
You are frail. (-10% HP)


Message History

The centaur skeleton is almost destroyed.
The centaur skeleton barely misses you.
You hit the centaur skeleton.
You destroy the centaur skeleton!
Casting: Ensorcelled Hibernation
Confirm with . or Enter, or press ? or * to list all spells.
Aiming: Ensorcelled Hibernation
Press: ? - help, Shift-Dir - straight line, f - iguana
Aim: an iguana (chance to defeat MR: 47%)
You miscast Ensorcelled Hibernation.
You are very lightly contaminated with residual magic.
A chill runs through your body. The iguana bites you.
* * * LOW HITPOINT WARNING * * *
Casting: Ensorcelled Hibernation
Confirm with . or Enter, or press ? or * to list all spells.
Aiming: Ensorcelled Hibernation
Press: ? - help, Shift-Dir - straight line, f/p - iguana
Aim: an iguana (chance to defeat MR: 47%)
The iguana resists with some effort.
The iguana bites you!
You die...

#.... #.#.#
.... #.#.#
...##+####.#.#
#......[#.#.#
#.......#.#.#
#.>.....#.#
#.......#.#
####l####.#
#@# #.# #.#
#.# #.# #.#
#.# #.#
#.####<#
#......#
########


You could see an iguana.

Vanquished Creatures
  An ogre (D:5)
  Blork the orc (D:4)
  A hound (D:4)
  4 orc wizards
  4 orc priests
  Jessica (D:2)
  A centaur skeleton (D:4)
  Natasha (thrice) (D:2)
  A worker ant (D:4)
  4 adders
  An adder skeleton (D:4)
  2 worms (D:2)
  A dart slug (D:2)
  4 leopard geckos
  12 orcs
  2 ball pythons (D:2)
  5 giant cockroaches
  10 hobgoblins
  2 jackals (D:2)
  7 kobolds
  3 quokkas
  16 bats
  4 frilled lizards
  3 goblins
  A leopard gecko skeleton (D:3)
  9 rats
103 creatures vanquished.

Notes
Turn   | Place    | Note
-------+----------+-------------------------------------------
     0 | D:1      | Murumi the Naga Enchanter began the quest for the Orb.
     0 | D:1      | Reached XP level 1. HP: 15/15 MP: 3/3
   321 | D:1      | Reached XP level 2. HP: 22/22 MP: 5/5
   398 | D:1      | Reached skill level 5 in Stealth
   655 | D:1      | Reached skill level 1 in Fighting
   769 | D:1      | Learned a level 2 spell: Ensorcelled Hibernation
   910 | D:1      | Reached XP level 3. HP: 31/31 MP: 6/6
  1337 | D:2      | Reached skill level 6 in Stealth
  1479 | D:2      | Noticed Jessica
  1500 | D:2      | Reached XP level 4. HP: 38/38 MP: 5/7
  1530 | D:2      | Killed Jessica
  1530 | D:2      | Reached skill level 7 in Stealth
  1777 | D:2      | Noticed Natasha
  1784 | D:2      | Killed Natasha
  1784 | D:2      | Reached skill level 8 in Stealth
  1784 | D:2      | Reached XP level 5. HP: 40/44 MP: 1/8
  1965 | D:2      | Noticed Natasha
  1983 | D:2      | HP: 1/44 [white imp/puff of frost[Natasha] (2)]
  1992 | D:2      | HP: 1/44 [Natasha (8)]
  2001 | D:2      | Killed Natasha
  2180 | D:2      | Noticed Natasha
  2190 | D:2      | Killed Natasha
  2213 | D:3      | Reached skill level 9 in Stealth
  2606 | D:3      | Reached XP level 6. HP: 51/51 MP: 6/9
  2863 | D:3      | Found a sparkling altar of Nemelex Xobeh.
  3136 | D:4      | Noticed Blork the orc
  3230 | D:4      | Killed Blork the orc
  3252 | D:4      | Reached skill level 10 in Stealth
  3257 | D:4      | Reached XP level 7. HP: 4/60 MP: 1/10
  3623 | D:4      | You fall through a shaft for 2 floors!
  3640 | D:5      | Entered Level 5 of the Dungeon
  3640 | D:5      | Found Ymasoll's General Store.
  3642 | D:5      | Bought a potion of mutation for 96 gold pieces
  3642 | D:5      | Bought a +0 pair of gloves for 54 gold pieces
  3642 | D:5      | Gained mutation: You are frail. (-10% HP) [potion of mutation]
  3642 | D:5      | Gained mutation: Your skin changes colour to match your surroundings (Stealth+). [potion of mutation]
  3931 | D:5      | Reached skill level 11 in Stealth
  3964 | D:4      | Slain by an iguana

Vault maps used:
D:1:      onia_arrival_mini_maze
D:2:      serial_bayou_crossing, uniq_natasha, uniq_jessica
D:3:      nemelex_xobeh_ov_fountains_minmay, st_stairs_10,
          kennysheep_generic_room_11
D:4:      uniq_blork_the_orc
D:5:      lemuel_doored_altar, minitemple, serial_shops, shop, shop,
          nicolae_shop_trees, first_bread, kennysheep_generic_room_7,
          uniq_duvessa, uniq_sigmund
D:6:      kennysheep_mini, nicolae_ru_awakened_eye, uniq_grinder, uniq_pikel,
          uniq_crazy_yiuf_cottage

Skill      XL: |  1  2  3  4  5  6  7 |
---------------+----------------------+-----
Dodging        | 2 |  2.0
Stealth        | 5 6 8 9 10 11 | 11.7
Fighting       | 1 2 |  2.2
Short Blades   | 2 |  2.2
Spellcasting   | |  2.0
Hexes          | |  3.0

Action                   |  1- 3 |  4- 6 |  7- 9 || total
-------------------------+-------+-------+-------++-------
Melee: Dagger            |   134 |   180 |    40 ||   354
 Cast: Ensorcelled Hiber |     2 |    20 |     7 ||    29
 Abil: Spit Poison       |    11 |    11 |     3 ||    25
  Use: Scroll            |     5 |     3 |       ||     8
       Potion            |       |     6 |     2 ||     8
 Stab: Sleeping          |    16 |    16 |     5 ||    37
       Distracted        |       |     1 |       ||     1
  Eat: Chunk             |     2 |     5 |     4 ||    11
Armor: Robe              |    56 |    51 |    11 ||   118
       Skin              |    11 |       |       ||    11
Dodge: Dodged            |    68 |    90 |    12 ||   170
